 Dungeon Crawl Stone Soup version 0.31-a0-963-ga325b2283a (webtiles) character file.

Game seed: 13930315364256662099

31 IndexError the Conjurer (level 3, 24/24 HPs)
             Began as a Demonspawn Conjurer on Oct 25, 2023.
             Quit the game on level 1 of the Dungeon.
             The game lasted 00:01:50 (910 turns).

IndexError the Conjurer (Demonspawn Conjurer)        Turns: 910, Time: 00:01:51

Health: 24/24      AC:  2    Str:  7    XL:     3   Next: 7%
Magic:  0/7        EV: 12    Int: 21    God:
Gold:   76         SH:  0    Dex: 11    Spells: 6/7 levels left

rFire   + . .        c - +0 dagger
rCold   . . .        (no shield)
rNeg    . . .        a - +0 robe
rPois   .            (helmet restricted)
rElec   .            (no cloak)
rCorr   .            (no gloves)
SInv    .            (no boots)
Will    .....        (no amulet)
Stlth   ++           h - ring of protection from fire {rF+, !d}
HPRegen 0.24/turn    (no ring)
MPRegen 0.10/turn

%: no passive effects
@: no status effects
A: horns 2
a: no special abilities


You were on level 1 of the Dungeon.
You visited 1 branch of the dungeon, and saw 1 of its levels.

You collected 76 gold pieces.

Inventory:

Hand Weapons
 c - a +0 dagger (weapon)
   (You took it off a goblin on level 1 of the Dungeon)
Missiles
 j - 7 poisoned darts
Armour
 a - a +0 robe (worn)
Jewellery
 h - a ring of protection from fire (left hand) {rF+, !d}
   (You found it on level 1 of the Dungeon)
Scrolls
 e - a scroll of identify {unknown}
 f - a scroll of fear {unknown}
 g - a scroll of teleportation {unknown}
 i - a scroll of noise {unknown}
 k - a scroll of enchant weapon {unknown}
Potions
 b - 2 potions of magic
 d - a potion of enlightenment {unknown}
 l - a potion of ambrosia {unknown}
 m - a potion of heal wounds {unknown}
 n - a potion of might {unknown}


   Skills:
 - Level 1.7 Dodging
 - Level 1.7 Stealth
 + Level 2.7 Spellcasting
 + Level 4.5 Conjurations


You had 6 spell levels left.
You knew the following spells:

 Your Spells              Type           Power      Damage    Failure   Level
a - Magic Dart            Conj           84%        1d7       2%          1

Your spell library contained the following spells:

 Spells                   Type           Power      Damage    Failure   Level
 Searing Ray              Conj           42%        2d6       3%          2
 Dazzling Flash           Conj/Hex       24%        N/A       16%         3
 Fulminant Prism          Conj/Hex       6%         3d6       47%         4
 Iskenderun's Mystic Bla  Conj/Tloc      12%        2d5       47%         4


Dungeon Overview and Level Annotations

Branches:
Dungeon (1/15)

Altars:


Innate Abilities, Weirdness & Mutations

You have a pair of horns on your head.


Message History

You now have 0/5 mp.
You are out of magic!
You see here a hobgoblin corpse.
A hobgoblin comes into view.
MP restored: 5 A hobgoblin is nearby!
A hobgoblin is nearby!
A hobgoblin is nearby!
The magic dart hits the hobgoblin but does no damage.
The hobgoblin shouts!
You now have 4/5 mp.
The magic dart hits the hobgoblin.
You now have 3/5 mp.
You miscast Magic Dart.
You are very lightly contaminated with residual magic.
Nothing appears to happen.
The hobgoblin barely misses you.
You now have 2/5 mp.
The magic dart hits the hobgoblin but does no damage.
The hobgoblin misses you.
You now have 1/5 mp.
The magic dart hits the hobgoblin.
The hobgoblin completely misses you.
You now have 0/5 mp.
You are out of magic!
You closely miss the hobgoblin. The hobgoblin misses you.
You closely miss the hobgoblin.
You headbutt the hobgoblin, but do no damage.
The hobgoblin hits you.
You take 5 damage, and have 14/19 hp.
MASSIVE DAMAGE!!
You barely miss the hobgoblin. You headbutt the hobgoblin.
No target in view!
No target in view!
Your magical contamination has completely faded away.
You see here a hobgoblin corpse.
You see here a +0 hand axe.
You see here a hobgoblin corpse.
Found a stone staircase leading down.
Health restored: 19; MP restored: 5
j - 7 poisoned darts (gained 5)
You now have 76 gold pieces (gained 6).
A frilled lizard comes into view.
A frilled lizard is nearby!
A frilled lizard is nearby!
The magic dart hits the frilled lizard.
You now have 4/5 mp.
You can't see any susceptible monsters within range! (Use Z to cast anyway.)
You can't see any susceptible monsters within range! (Use Z to cast anyway.)
You see here a +0 dagger.
A jackal comes into view.
MP restored: 5 A jackal is nearby!
A jackal is nearby!
The magic dart hits the jackal.
The jackal barks!
You hear a bark! x3
A jackal comes into view.
You now have 4/5 mp.
The magic dart hits the jackal.
You now have 3/5 mp.
The magic dart hits the jackal.
You now have 2/5 mp.
You can't see any susceptible monsters within range! (Use Z to cast anyway.)
You can't see any susceptible monsters within range! (Use Z to cast anyway.)
A jackal is nearby!
A jackal is nearby!
The magic dart hits the jackal.
You now have 1/5 mp.
The magic dart hits the jackal.
You have reached level 3!
Your experience leads to an increase in your attributes!
Increase (s)trength, (i)ntelligence, or (d)exterity?
You feel clever. x2; Your demonic ancestry asserts itself...
The horns on your head grow some more.
Health restored: 24 You now have 0/7 mp.
A goblin comes into view. It is wielding a +0 club.
You regained 4 mp, and now have 4/7 mp.
A goblin is nearby!
A goblin is nearby!
The magic dart hits the goblin.
You now have 3/7 mp.
You can't see any susceptible monsters within range! (Use Z to cast anyway.)
You can't see any susceptible monsters within range! (Use Z to cast anyway.)
An endoplasm comes into view.
An endoplasm is nearby!
An endoplasm is nearby!
The magic dart hits the endoplasm but does no damage.
The endoplasm quivers.
You now have 2/7 mp.
The magic dart hits the endoplasm.
The magic dart hits the endoplasm.
You now have 1/7 mp.
The magic dart hits the endoplasm.
You now have 0/7 mp.
An endoplasm comes into view.
An endoplasm is nearby!
An endoplasm is nearby!
The magic dart hits the endoplasm.
The endoplasm quivers.
You now have 0/7 mp.
You are out of magic!
Are you sure you want to abandon this character and quit the game? (Confirm with "yes".)

####....##......#...###.....
#....##.....###..........
#...#..##..##...##.....#.
#......##..##.####.......
#.............####.......
##..........).........)..
#..#####....#####.####...
#.# #..J#### #.# #### #.
###@# #)# . #†# #.# ..#
#.####### )### #.#~~##.. .#
#..~~'... ## ###~~##..
#######


You could see an endoplasm.

Vanquished Creatures
  2 dart slugs (D:1)
  A ball python (D:1)
  3 endoplasms (D:1)
  7 goblins (D:1)
  4 hobgoblins (D:1)
  2 jackals (D:1)
  2 frilled lizards (D:1)
  A rat (D:1)
22 creatures vanquished.

Notes
Turn   | Place    | Note
-------+----------+-------------------------------------------
     0 | D:1      | IndexError the Demonspawn Conjurer began the quest for the
                  | Orb.
     0 | D:1      | Reached XP level 1. HP: 13/13 MP: 3/3
   154 | D:1      | Gained mutation: You have a pair of small horns on your
                  | head. [demonic ancestry]
   154 | D:1      | Reached XP level 2. HP: 14/19 MP: 0/5
   846 | D:1      | Gained mutation: You have a pair of horns on your head.
                  | [demonic ancestry]
   846 | D:1      | Reached XP level 3. HP: 24/24 MP: 0/7
   910 | D:1      | Quit the game

Illustrated notes

Levels and vault maps discovered:
D:1:      sevenhm_arrival_forest_fort_small_1, layout_rooms,
          hangedman_decor_growths

Action                     || total
---------------------------++-------
  Melee: Dagger            ||     4
         Headbutt          ||     2
   Cast: Magic Dart        ||    47
 Armour: Robe              ||     4
  Dodge: Dodged            ||     4

Table legend: (Time is in decaauts)
 A = Elapsed time spent in this place.
 B = Non-inter-level travel time spent in this place.
 C = Inter-level travel time spent in this place.
 D = Time resting spent in this place.
 E = Time spent auto-exploring this place.
 F = Levels seen in this place.
 G = Mean time per level.
                   A        B        C        D        E       F      G
               +--------+--------+--------+--------+--------+-----+--------+
         Total |    910 |    900 |     10 |      0 |    781 |   1 |  910.0 |
       Dungeon |    910 |    900 |     10 |      0 |    781 |   1 |  910.0 |
               +--------+--------+--------+--------+--------+-----+--------+

Top non-repeatable levels by time:
     D:1: 910 daAuts

Levels and vault maps discovered:
D:1:      sevenhm_arrival_forest_fort_small_1, layout_rooms,
          hangedman_decor_growths

Table legend: (Time is in decaauts)
 A = Elapsed time spent in this place.
 B = Non-inter-level travel time spent in this place.
 C = Inter-level travel time spent in this place.
 D = Time resting spent in this place.
 E = Time spent auto-exploring this place.
 F = Levels seen in this place.
 G = Mean time per level.
                   A        B        C        D        E       F      G
               +--------+--------+--------+--------+--------+-----+--------+
         Total |    910 |    900 |     10 |      0 |    781 |   1 |  910.0 |
       Dungeon |    910 |    900 |     10 |      0 |    781 |   1 |  910.0 |
               +--------+--------+--------+--------+--------+-----+--------+

Top non-repeatable levels by time:
     D:1: 910 daAuts

Table legend:
 A = Kills in this place as a percentage of kills in the entire game.
 B = Kills by you in this place as a percentage of kills by you in the entire game.
 C = Kills by friends in this place as a percentage of kills by friends in the entire game.
 D = Other kills in this place as a percentage of other kills in the entire game.
 E = Experience gained in this place as a percentage of experience gained in the entire game.
 F = Experience gained in this place divided by the number of levels of this place that you have seen.
                   A       B       C       D       E      F
               +-------+-------+-------+-------+-------+----------------------
         Total | 100.0 | 100.0 |   N/A |   N/A | 100.0 |  45.0
       Dungeon | 100.0 | 100.0 |   N/A |   N/A | 100.0 |  45.0
               +-------+-------+-------+-------+-------+----------------------
